 Dungeon Crawl Stone Soup version 0.28-a0-1387-g3a22ab9bdc (webtiles) character file.

Game seed: 4578859205225286727

9846 avis the Nimble (level 11, -6/136 (138) HPs)
             Began as an Octopode Transmuter on Jan 3, 2022.
             Was an Initiate of Gozag.
             Mangled by a hornet (10 damage)
             ... while paralysed by a hornet
             ... on level 1 of the Lair of Beasts.
             The game lasted 01:24:19 (14485 turns).

avis the Nimble (Octopode Transmuter)              Turns: 14485, Time: 01:24:20

HP:   -6/136 (138)  AC:  7    Str: 19    XL:     11   Next: 52%
MP:   4/17          EV: -2    Int: 21    God:    Gozag
Gold: 1766          SH:  0    Dex: 14    Spells: 5/18 levels left

rFire   x . .      SeeInvis .     - Unarmed
rCold   + + +      Faith    .   (shield currently unavailable)
rNeg    + . .      Spirit   .   (helmet currently unavailable)
rPois   +          Reflect  +   h - amulet of reflection
rElec   .          Harm     .   m - +6 ring of intelligence
rCorr   .          Rampage  .   y - ring of wizardry
Will    .....                   v - ring of positive energy
Stlth   ..........              V - +6 ring of strength
HPRegen 0.32/turn               (no ring)
MPRegen 0.15/turn               (no ring)
                                (no ring)
                                (no ring)

@: paralysed, berserking, ice-form, weak-willed, constricted, studying Dodging,
lightly drained
A: freezing attack, boosted hp, almost no armour, amphibious, 8 rings, large,
(camouflage 1), (gelatinous body 1), (nimble swimmer 1), (tentacles)
a: End Transformation, Renounce Religion, Potion Petition, Call Merchant, Bribe
Branch


You were on level 1 of the Lair of Beasts.
You worshipped Gozag.
Gozag was most pleased with you.
You were a creature of crystalline ice.
You visited 3 branches of the dungeon, and saw 12 of its levels.
You also visited: Ossuary.

You collected 2067 gold pieces.
You paid 301 gold pieces to Gozag.

Inventory:

Hand Weapons
 b - a +0 hunting sling of freezing (melded)
Missiles
 d - 276 stones (quivered)
 k - 42 poisoned darts
 l - 73 sling bullets
 S - 3 atropa-tipped darts
Armour
 E - a +0 kite shield
Jewellery
 h - an amulet of reflection (around neck)
 m - a +6 ring of intelligence (left front paw)
 v - a ring of positive energy (on tentacle)
 y - a ring of wizardry (right front paw)
 V - a +6 ring of strength (on tentacle)
Wands
 r - a wand of iceblast (9)
 C - a wand of polymorph (4)
 M - a wand of mindburst (11)
 N - a wand of flame (18)
 Q - a wand of acid (7)
Scrolls
 e - a scroll of fog {unknown}
 g - a scroll of enchant armour
 B - 2 scrolls of vulnerability
 D - a scroll of fear {unknown}
 F - a scroll of magic mapping
 I - a scroll of enchant weapon {unknown}
 R - 2 scrolls of immolation {unknown}
 W - a scroll of blinking {unknown}
Potions
 a - 3 potions of curing
 c - 10 potions of haste
 f - 3 potions of brilliance {unknown}
 i - 3 potions of lignification {unknown}
 j - a potion of heal wounds {unknown}
 n - a potion of magic {unknown}
 o - 4 potions of attraction {unknown}
 p - 5 potions of mutation {unknown}
 s - 2 potions of invisibility {unknown}
 w - 4 potions of cancellation {unknown}
 A - a potion of might {unknown}
 L - a potion of berserk rage {unknown}


   Skills:
 * Level 7.9 Fighting
 + Level 11.8 Dodging
 - Level 5.0 Stealth
 - Level 11.0 Unarmed Combat
 - Level 4.0 Spellcasting
 - Level 4.0 Transmutations
 - Level 4.0 Ice Magic
 - Level 1.0 Air Magic
 - Level 2.0 Poison Magic


You had 5 spell levels left.
You knew the following spells:

 Your Spells              Type           Power      Damage    Failure   Level
a - Beastly Appendage     Tmut           42%        N/A       1%          1
c - Passwall              Tmut/Erth      10%        N/A       3%          2
f - Swiftness             Air            8%         N/A       10%         3
p - Spider Form           Tmut/Pois      16%        N/A       4%          3
q - Ice Form              Ice/Tmut       21%        N/A       9%          4

Your spell library contained the following spells:

 Spells                   Type           Power      Damage    Failure   Level
 Wereblood                Tmut           21%        N/A       1%          2
 Animate Skeleton         Necr           8%         N/A       4%          1
 Apportation              Tloc           8%         N/A       4%          1
 Magic Dart               Conj           16%        1d3       4%          1
 Summon Small Mammal      Summ           16%        N/A       4%          1
 Call Imp                 Summ           4%         N/A       8%          2
 Mephitic Cloud           Conj/Pois/Air  8%         N/A       10%         3
 Dazzling Flash           Conj/Hex       8%         N/A       14%         3
 Gell's Gravitas          Tloc           4%         N/A       14%         3
 Teleport Other           Tloc           4%         N/A       14%         3
 Fulminant Prism          Conj/Hex       2%         3d6       41%         4
 Iskenderun's Mystic Bla  Conj/Tloc      4%         2d3       41%         4
 Leda's Liquefaction      Hex/Erth       2%         N/A       41%         4
 Lee's Rapid Deconstruct  Erth           2%         3d5*      75%         5
 Statue Form              Tmut/Erth      8%         N/A       95%         6
 Dispersal                Tloc           2%         N/A       99%         6
 Starburst                Conj/Fire      2%         6d3       99%         6


Dungeon Overview and Level Annotations

Branches:
Dungeon (9/15)             Temple (1/1) D:6            Lair (2/6) D:9
Ossuary (visited)
  Swamp: Lair:2-4    Shoals: Lair:2-4     Snake: Lair:2-4    Spider: Lair:2-4
    Orc: D:9-12

Altars:
Gozag
Hepliaklqana
Kikubaaqudgha
Nemelex Xobeh
Okawaru
Ru
Trog
Uskayaw
Vehumet
Zin
Jiyva

Annotations:
D:9 2 transporters


Innate Abilities, Weirdness & Mutations

You are a creature of crystalline ice.
You have a powerful freezing melee attack.
Your maximum health is increased.
Your armour is entirely melded.
You are incapable of wielding weapons or throwing items.
You cannot wear most types of armour.
You are amphibious.
You can wear up to eight rings at the same time.
((Your skin changes colour to match your surroundings (Stealth+).))
((Your rubbery body absorbs attacks. (AC +1, EV +1)))
((You are camouflaged when in or above water. (Stealth+)))
((You have tentacles for arms and can constrict up to eight enemies at once.))


Message History

[b] - 600 gold - brilliance, magic, heal wounds and curing [c] - 500 gold - heal wounds, berserk rage and haste Purchase which effect?
You feel much better.
A red film seems to cover your vision as you go berserk!
You feel yourself moving faster!
You feel mighty! The black mamba bites you! You block the hornet's attack.
You block the anaconda's attack. The anaconda constricts you.
The black bear barely misses you. You block the black bear's attack.
The black bear claws you but does no damage.
The hell rat bites you! You partially resist.
You feel drained. The black mamba closely misses you. The alligator bites you!
The alligator tail-slaps you but does no damage.
You punch the anaconda!
The anaconda seems to slow down.
You freeze the anaconda.
The anaconda is moderately wounded.
The hornet barely misses you.
The black mamba bites you but does no damage.
The anaconda completely misses you. The anaconda constricts you.
* * * LOW HITPOINT WARNING * * *
The hell rat barely misses you. You block the black bear's attack.
The black bear barely misses you. You block the black bear's attack.
The alligator bites you!
* * * LOW HITPOINT WARNING * * *
The alligator tail-slaps you.
* * * LOW HITPOINT WARNING * * *
You completely miss the anaconda.
The anaconda is lightly wounded.
The hornet stings you!
* * * LOW HITPOINT WARNING * * *
You suddenly lose the ability to move!
The black mamba bites you but does no damage.
The anaconda bites you.
* * * LOW HITPOINT WARNING * * *
The anaconda constricts you.
* * * LOW HITPOINT WARNING * * *
The anaconda is no longer moving slowly.
The black mamba completely misses you. The hornet stings you!
You die...
Your body crumbles into a pile of gold.

.#.≈...≈≈...≈#######..≈≈#
.#....≈≈≈t......##....≈≈#
.##..≈≈≈≈≈≈≈≈........≈≈≈#
.#≈.≈≈≈≈≈≈≈≈≈≈≈≈..≈≈≈≈≈≈#
##..≈≈≈≈≈≈≈≈≈≈≈≈≈≈≈≈≈≈≈##
.#...≈≈≈≈≈≈###≈≈≈≈≈≈####
.#....≈≈≈≈.+.######## .#
#..r≈≈..#..[hyS# ##
#...F..##.hSYt# ### ##
#.≈...##≈≈≈r#####.## .##
##############.##..#
..####..#.....#.#.#....##
.........####..........P#
.........# #...#.##...##
.........# #...####...#
##.#.#...# #...# #...#
#....#...####...# ##...#


You could see an alligator (swift, weak-willed), an anaconda (weak-willed), a
black mamba (weak-willed), a hornet (weak-willed), a black bear (weak-willed), a
wolf (weak-willed) and a hell rat (weak-willed).

Vanquished Creatures
  A two-headed ogre (D:9)
  A deep elf pyromancer (D:8)
  Maurice (D:9)
  2 black mambas (Lair:1)
  A centaur zombie (D:8)
  5 komodo dragons (Lair:1)
  A polar bear (Lair:1)
  Grinder (D:3)
  A wyvern (D:9)
  2 yaks
  4 fire bats (D:9)
  2 steam dragons
  A basilisk (D:9)
  2 vampire mosquitoes (D:7)
  Menkaure (D:5)
  2 water moccasins
  A hell hound (D:9)
  2 sky beasts
  An orc warrior (D:9)
  2 black bears
  2 necrophages (D:6)
  3 ogres
  A wolf (Lair:1)
  A phantom (D:5)
  A centaur (D:8)
  2 kobold brigands (D:8)
  7 bullfrogs
  A wyvern zombie (D:7)
  4 gnoll sergeants
  A scorpion (D:5)
  3 water moccasin zombies (Ossuary)
  A water moccasin skeleton (D:6)
  A killer bee (D:8)
  7 wights
  3 howler monkeys
  An electric eel (D:8)
  2 lava snakes (D:9)
  A hound (D:4)
  A centaur skeleton (D:7)
  6 orc priests
  A gnoll shaman (D:7)
  A jelly (D:3)
  Jessica (D:3)
  3 iguanas
  Ijyb (D:4)
  7 orc wizards
  2 mummies (Ossuary)
  Robin (D:3)
  16 gnolls
  5 adders
  A white imp (D:8)
  An ufetubus (D:5)
  5 adder zombies (Ossuary)
  5 worms
  3 dart slugs
  20 orcs
  9 endoplasms
  4 giant cockroaches
  18 goblins
  10 hobgoblins
  6 jackals
  2 quokkas (D:1)
  10 ball pythons
  4 bats
  10 frilled lizards
  6 gnoll zombies (Ossuary)
  3 hobgoblin zombies (Ossuary)
  13 kobolds
  7 kobold zombies (Ossuary)
  3 orc zombies (Ossuary)
  3 rats (D:1)
  3 fire vortices (D:9)
267 creatures vanquished.

Vanquished Creatures (others)
  A fungus (Lair:1)
  2 plants
3 creatures vanquished.

Grand Total: 270 creatures vanquished

Notes
Turn   | Place    | Note
-------+----------+-------------------------------------------
     0 | D:1      | avis the Octopode Transmuter began the quest for the Orb.
     0 | D:1      | Reached XP level 1. HP: 13/13 MP: 3/3
    24 | D:1      | Reached skill level 1 in Stealth
   232 | D:1      | Reached XP level 2. HP: 14/18 MP: 5/5
   961 | D:1      | Reached skill level 1 in Poison Magic
  1035 | D:1      | Reached XP level 3. HP: 24/24 MP: 4/6
  1258 | D:1      | Learned a level 3 spell: Spider Form
  1726 | D:2      | Found an opulent altar of Gozag.
  1732 | D:2      | Became a worshipper of Gozag Ym Sagoz the Greedy
  1901 | D:2      | Reached XP level 4. HP: 30/30 MP: 7/7
  2131 | D:2      | Identified the +3 scale mail of the Echidna {rElec rC+ rN+
                  | Will+}
  2774 | D:3      | Noticed Jessica
  2784 | D:3      | Killed Jessica
  2788 | D:3      | Reached XP level 5. HP: 35/36 MP: 5/8
  2949 | D:3      | Noticed Robin
  2960 | D:3      | Killed Robin
  3085 | D:3      | Learned a level 4 spell: Ice Form
  3148 | D:3      | Found a bloodstained altar of Trog.
  3354 | D:3      | Found a faded altar of an unknown god.
  3422 | D:3      | Noticed an ogre
  3434 | D:3      | Killed an ogre
  3435 | D:3      | Reached skill level 5 in Unarmed Combat
  3435 | D:3      | Reached XP level 6. HP: 42/42 MP: 6/9
  3746 | D:3      | Found a hazy altar of Hepliaklqana.
  4032 | D:4      | Noticed Grinder
  4032 | D:4      | Found a sparkling altar of Nemelex Xobeh.
  4908 | D:4      | Noticed Ijyb
  4918 | D:4      | Killed Ijyb
  4919 | D:4      | Reached XP level 7. HP: 46/46 MP: 7/10
  5652 | D:5      | Entered Level 5 of the Dungeon
  5654 | D:5      | Noticed a steam dragon
  5698 | D:5      | Killed a steam dragon
  5699 | D:5      | Reached skill level 5 in Fighting
  5918 | D:5      | Reached skill level 5 in Dodging
  5918 | D:5      | Reached XP level 8. HP: 32/55 MP: 8/11
  6112 | D:5      | Noticed Menkaure
  6317 | D:5      | Killed Menkaure
  7185 | D:6      | Reached skill level 1 in Ice Magic
  7207 | D:6      | Found a sand-covered staircase.
  7216 | Ossuary  | Entered an ossuary
  7381 | Ossuary  | Reached XP level 9. HP: 44/61 MP: 8/13
  8130 | D:6      | Found a staircase to the Ecumenical Temple.
  8139 | Temple   | Entered the Ecumenical Temple
  9246 | D:7      | Found an iron altar of Okawaru.
  9261 | D:7      | Learned a level 2 spell: Passwall
  9265 | D:7      | Learned a level 3 spell: Swiftness
  9410 | D:7      | Found a glowing silver altar of Zin.
  9559 | D:8      | Reached skill level 1 in Air Magic
  9578 | D:8      | Reached XP level 10. HP: 68/68 MP: 14/16
  9725 | D:8      | Noticed a deep elf pyromancer
  9737 | D:8      | Killed a deep elf pyromancer
 10090 | D:8      | Reached skill level 10 in Unarmed Combat
 10696 | D:8      | Found a hide-covered altar of Uskayaw.
 11303 | D:3      | Paralysed by Grinder for 4 turns
 11308 | D:3      | Killed Grinder
 11574 | D:9      | Noticed Maurice
 11583 | D:9      | Killed Maurice
 11752 | D:9      | Found a staircase to the Lair.
 11895 | D:9      | Found a transporter.
 11901 | D:9      | Found a transporter.
 11901 | D:9      | Found a viscous altar of Jiyva.
 11901 | D:9      | Noticed a glowing orange brain
 12020 | D:9      | Found an opulent altar of Gozag.
 12022 | D:9      | Noticed a two-headed ogre
 12034 | D:9      | Killed a two-headed ogre
 12035 | D:9      | Reached skill level 5 in Stealth
 12444 | D:9      | Reached XP level 11. HP: 72/72 MP: 15/17
 12673 | D:9      | Reached skill level 10 in Dodging
 13235 | D:9      | Found a radiant altar of Vehumet.
 13560 | Lair:1   | Entered Level 1 of the Lair of Beasts
 13824 | Lair:1   | You fall into a shaft and drop 1 floor!
 14202 | Lair:1   | Found an ancient bone altar of Kikubaaqudgha.
 14291 | Lair:1   | Noticed a fire crab
 14326 | Lair:1   | Noticed a manticore
 14478 | Lair:1   | Noticed an anaconda
 14478 | Lair:1   | Noticed an alligator
 14484 | Lair:1   | Paralysed by a hornet for 3 turns
 14484 | Lair:1   | HP: 6/136 [anaconda (2)]
 14485 | Lair:1   | Mangled by a hornet

Illustrated notes

Levels and vault maps discovered:
D:1:      psy_arrival_spokes, layout_loops_cross
D:2:      layout_loops_ring, basic_altar, hangedman_feature_mirror, st_stairs_9
D:3:      layout_basic, nicolae_hepliaklqana_hippocampus,
          mainiacjoe_overflow_catwalk, shapermc_ecumenical_altar_petra,
          uniq_jessica, uniq_robin
D:4:      layout_basic, mainiacjoe_overflow_small_starburst, uniq_ijyb,
          uniq_grinder
D:5:      layout_cave_pools, uniq_menkaure
D:6:      layout_loops_cross, temple_statues,
          lightli_ossuary_entry_decrepit_ruins
D:7:      layout_rooms, mainiacjoe_overflow_alcove_4, zin_statuary
D:8:      minmay_skewed_foursquare, layout_rooms,
          nicolae_uskayaw_murder_on_the_dancefloor, serial_aquarium,
          aquarium_bridge_square [aquarium_subvault_bridge,
          aquarium_subvault_balcony, aquarium_subvault_bridge,
          aquarium_subvault_window], aquarium_bridge_square
          [aquarium_subvault_wall, aquarium_subvault_wall,
          aquarium_subvault_bridge, aquarium_subvault_balcony],
          aquarium_window_fake, aquarium_window_1, aquarium_window_fake,
          aquarium_view_2c, aquarium_view_2a, aquarium_pool_corner,
          nicolae_lava_and_water, minmay_misc_feat_pillars, minmay_microvault
D:9:      gammafunk_jiyva_shrine, layout_loops_ring,
          mainiacjoe_overflow_alcove_2, nicolae_gozag_seed_capital,
          david_lair_generic, hangedman_incinerator, uniq_maurice
Temple:   dshaligram_water_room_temple
Lair:1:   lemuel_reptile_caves, layout_chaotic_city, basic_altar,
          nicolae_lair_lakeside_cave, infiniplex_staircase_pool_2,
          grunt_megastairs_4
Lair:2:   hellmonk_destroyed_diamonds, layout_layer_cave,
          minmay_snake_entry_guardpost_small, uniq_erica

Skill      XL: |  1  2  3  4  5  6  7  8  9 10 11 |
---------------+----------------------------------+-----
Stealth        | 2 3 5 |  5.0
Fighting       | 2 3 5 6 7 |  7.9
Poison Magic   | 1 2 |  2.0
Unarmed Combat | 5 7 9 11 | 11.0
Transmutations | 3 4 |  4.0
Dodging        | 3 5 9 11 | 11.8
Spellcasting   | 3 4 |  4.0
Ice Magic      | 2 4 |  4.0
Air Magic      | 1 |  1.0

Action                   |  1- 3 |  4- 6 |  7- 9 | 10-12 || total
-------------------------+-------+-------+-------+-------++-------
Melee: Unarmed           |    69 |   110 |   261 |   212 ||   652
       Constrict         |    14 |     3 |     1 |       ||    18
       Kick              |    12 |     4 |     2 |       ||    18
       Tentacles         |     5 |     1 |       |       ||     6
       Punch             |     2 |     1 |       |       ||     3
 Fire: Hunting sling     |    10 |    67 |    45 |       ||   122
Throw: Stone             |     4 |       |       |       ||     4
 Cast: Beastly Appendage |    13 |     3 |     2 |       ||    18
       Spider Form       |     4 |    21 |    19 |    12 ||    56
       Ice Form          |       |       |    14 |    24 ||    38
       Passwall          |       |       |       |    21 ||    21
Invok: Potion Petition   |       |       |       |     1 ||     1
 Abil: End Transformatio |       |       |       |     2 ||     2
Evoke: Wand              |       |       |     1 |     2 ||     3
  Use: Scroll            |       |       |     5 |     1 ||     6
 Stab: Sleeping          |     8 |     4 |     6 |     6 ||    24
       Distracted        |       |       |     1 |     2 ||     3
Armor: Skin              |     2 |     8 |    21 |    26 ||    57
Dodge: Dodged            |    30 |    76 |   107 |   140 ||   353
Block: Other             |     8 |    30 |    50 |    48 ||   136
       Reflection        |       |     3 |       |     3 ||     6

Table legend: (Time is in decaauts)
 A = Elapsed time spent in this place.
 B = Non-inter-level travel time spent in this place.
 C = Inter-level travel time spent in this place.
 D = Time resting spent in this place.
 E = Time spent auto-exploring this place.
 F = Levels seen in this place.
 G = Mean time per level.
                   A        B        C        D        E       F      G
               +--------+--------+--------+--------+--------+-----+--------+
         Total |  14432 |  12849 |   1583 |   4251 |   4783 |  13 | 1110.2 |
       Dungeon |  13026 |  11443 |   1583 |   3793 |   4381 |   9 | 1447.3 |
        Temple |     11 |     11 |      0 |      0 |      0 |   1 |   11.0 |
          Lair |    914 |    914 |      0 |    188 |    390 |   2 |  457.0 |
       Ossuary |    480 |    480 |      0 |    270 |     12 |   1 |  480.0 |
               +--------+--------+--------+--------+--------+-----+--------+

Top non-repeatable levels by time:
     D:8: 1851 daAuts
     D:4: 1840 daAuts
     D:3: 1705 daAuts
     D:9: 1632 daAuts
     D:1: 1610 daAuts
     D:6: 1331 daAuts
     D:2: 1170 daAuts
     D:5: 1146 daAuts
  Lair:1: 906 daAuts
     D:7: 735 daAuts
 Ossuary: 480 daAuts
  Temple: 11 daAuts
  Lair:2: 7 daAuts
